 Dungeon Crawl Stone Soup version 0.30-a0-726-gd89dcf765f (webtiles) character file.

Game seed: 12754784121560869035

67 jimonade the Twirler (level 4, -2/33 HPs)
             Began as a Mummy Gladiator on Jan 29, 2023.
             Slain by Terence
             ... wielding the +7 Throatcutter {drain, coup de grace}
              (18 damage)
             ... on level 2 of the Dungeon.
             The game lasted 00:03:26 (982 turns).

jimonade the Twirler (Mummy Gladiator)               Turns: 982, Time: 00:03:27

Health: -2/33      AC:  5    Str: 17    XL:     4   Next: 0%
Magic:  5/5        EV: 12    Int:  9    God:
Gold:   88         SH:  0    Dex: 13    Spells: 5/5 levels left

rFire   x . .      SeeInvis .    a - +0 quarterstaff
rCold   + . .      Faith    +    (shield currently unavailable)
rNeg    + + +      Spirit   .    b - +0 leather armour
rPois   ∞          Reflect  .    c - +0 helmet
rElec   .          Harm     .    (no cloak)
rCorr   .          Rampage  .    (no gloves)
Will    .....                    f - +0 pair of boots
Stlth   +                        (no amulet)
HPRegen 0.25/turn                (no ring)
MPRegen 0.09/turn                (no ring)

@: no status effects
A: cold resistance 1, negative energy resistance 3, torment resistance 2, heat
vulnerability 1, in touch with death 1, no potions, faith
a: no special abilities


You were on level 2 of the Dungeon.
You visited 1 branch of the dungeon, and saw 2 of its levels.

You collected 88 gold pieces.

Inventory:

Hand Weapons
 a - a +0 quarterstaff (weapon)
 g - a +1 dagger of pain
Missiles
 d - 3 throwing nets (quivered)
 e - a javelin
 h - 6 poisoned darts
 i - 6 boomerangs
Armour
 b - a +0 leather armour (worn)
 c - a +0 helmet (worn)
 f - a +0 pair of boots (worn)
 l - a +0 pair of gloves
 m - a +0 chain mail
Scrolls
 j - a scroll of identify {unknown}
 k - a scroll of teleportation {unknown}
 n - a scroll of magic mapping {unknown}


   Skills:
 - Level 2.0 Fighting
 + Level 3.7 Staves
 - Level 1.5 Throwing
 - Level 2.4 Dodging
 * Level 1.1 Spellcasting
 * Level 1.0 Necromancy


You had 5 spell levels left.
You didn't know any spells.
Your spell library contained the following spells:

 Spells                   Type           Power      Damage    Failure   Level
 Necrotise                Necr           12%        1d4       30%         1
 Vampiric Draining        Necr           3%         2d6       65%         3
 Agony                    Necr           3%         N/A       100%        5


Dungeon Overview and Level Annotations

Branches:
Dungeon (2/15)

Altars:
Qazlal

Annotations:
D:2 Terence


Innate Abilities, Weirdness & Mutations

You are immune to poison.
Your flesh is cold resistant. (rC+)
You are immune to negative energy. (rN+++)
You are immune to unholy pain and torment.
You are vulnerable to heat. (rF-)
You are in touch with the powers of death.
You do not drink.
You have a special connection with the divine. (Faith)


Message History

Found a lumpy blue potion.
Found a chain mail.
Found a pair of gloves.
Found a stone staircase leading up.
There is a stone staircase leading up here.
Found 6 stones.
No target in view!
There is a stone staircase leading up here.
You see here a +0 pair of gloves.
l - a +0 pair of gloves You see here a +0 chain mail.
m - a +0 chain mail You see here a lumpy blue potion.
You see here a lumpy blue potion.
n - a scroll labelled YZXA UBORATS
There are no items here.
Terence the Incautious comes into view.
He is wielding the +7 Throatcutter {drain, coup de grace} and wearing a +2 scale mail of cold resistance.
Terence shouts!
Terence hits you with the +7 Throatcutter {drain, coup de grace}!
You hit Terence but do no damage. Terence barely misses you.
You hit Terence but do no damage. Terence closely misses you.
You barely miss Terence. Terence misses you. Terence closely misses you.
Press: ? - help, v - describe, . - travel
Here: Terence, wielding the +7 Throatcutter {drain, coup de grace} and wearing a +2 scale mail of cold resistance The floor.
Unknown command.
You hit Terence but do no damage. Terence barely misses you.
You sock Terence!
Terence is moderately wounded.
Terence barely misses you.
You sock Terence!
Terence is severely wounded.
Terence closely misses you.
You barely miss Terence.
Terence is severely wounded.
Terence hits you with the +7 Throatcutter {drain, coup de grace}!
You barely miss Terence.
Terence is severely wounded.
Terence hits you with the +7 Throatcutter {drain, coup de grace}!!
Ouch! That really hurt!
You die...

####.......#
...........######
.####...!.......#
.#
#.....<.....###.#
.#
######..........#
.#
#.##......#####
.# ##'##.......#
.# #...#.#+#+#.#
#. .#####...#.#
#@# ..
.#.......#.#
#..@##.
.#.####..#.#
#...#..
.#.......#(#
#...#.#
.####....#.#
##.##.###
.....>...#.#
..##...###
#####....#.#
###..#...###
#.....#.#.###
##.####.†.#####
#.###.#.....#
#..#..#.#...#.###


You could see Terence.

Vanquished Creatures
  2 adders (D:2)
  2 worms (D:2)
  A dart slug (D:1)
  6 ball pythons (D:1)
  2 bats (D:1)
  5 endoplasms
  A giant cockroach (D:1)
  5 goblins
  5 hobgoblins
  A quokka (D:2)
  A frilled lizard (D:1)
  3 kobolds (D:1)
  9 rats
43 creatures vanquished.

Notes
Turn   | Place    | Note
-------+----------+-------------------------------------------
     0 | D:1      | jimonade the Mummy Gladiator began the quest for the Orb.
     0 | D:1      | Reached XP level 1. HP: 16/16 MP: 1/1
   139 | D:1      | Reached skill level 3 in Staves
   139 | D:1      | Reached XP level 2. HP: 21/22 MP: 2/2
   369 | D:1      | Gained mutation: You are in touch with the powers of death.
                  | [Mummy growth]
   369 | D:1      | Reached XP level 3. HP: 20/27 MP: 3/3
   661 | D:2      | Found a stormy altar of Qazlal.
   795 | D:2      | Reached skill level 1 in Spellcasting
   867 | D:2      | Reached skill level 1 in Necromancy
   921 | D:2      | Reached XP level 4. HP: 33/33 MP: 5/5
   972 | D:2      | Noticed Terence
   982 | D:2      | Slain by Terence

Illustrated notes

Levels and vault maps discovered:
D:1:      lemuel_arrival_lava_pool, layout_basic, minivault_4, minmay_tripent
D:2:      minmay_skewed_foursquare, layout_basic, basic_altar, uniq_terence

Skill      XL: |  1  2  3 |
---------------+----------+-----
Staves         | 3 |  3.7
Spellcasting   | 1 |  1.1
Necromancy     | 1 |  1.0
Fighting       | |  2.0
Throwing       | |  1.5
Dodging        | |  2.4

Action                     |  1- 3 |  4- 6 || total
---------------------------+-------+-------++-------
  Melee: Quarterstaff      |   145 |     8 ||   153
   Stab: Sleeping          |     1 |       ||     1
 Armour: Leather armour    |    51 |       ||    51
  Dodge: Dodged            |    88 |     7 ||    95

Table legend: (Time is in decaauts)
 A = Elapsed time spent in this place.
 B = Non-inter-level travel time spent in this place.
 C = Inter-level travel time spent in this place.
 D = Time resting spent in this place.
 E = Time spent auto-exploring this place.
 F = Levels seen in this place.
 G = Mean time per level.
                   A        B        C        D        E       F      G
               +--------+--------+--------+--------+--------+-----+--------+
         Total |   1003 |    913 |     90 |      0 |    542 |   2 |  501.5 |
       Dungeon |   1003 |    913 |     90 |      0 |    542 |   2 |  501.5 |
               +--------+--------+--------+--------+--------+-----+--------+

Top non-repeatable levels by time:
     D:1: 653 daAuts
     D:2: 350 daAuts
